 Dungeon Crawl Stone Soup version 0.27.1-33-g824d729ab1 (webtiles) character file.

Game seed: 15870364624005244319

155 zeram the Chopper (level 5, -7/45 HPs)
             Began as a Hill Orc Fighter on Dec 14, 2021.
             Killed from afar by an orc wizard (9 damage)
             ... with a puff of flame
             ... on level 4 of the Dungeon.
             The game lasted 00:04:30 (3559 turns).

zeram the Chopper (Hill Orc Fighter)                Turns: 3559, Time: 00:04:30

Health: -7/45      AC: 11    Str: 20    XL:     5   Next: 37%
Magic:  5/5        EV:  7    Int:  8    God:
Gold:   178        SH:  9    Dex: 10    Spells: 4/4 levels left

rFire    . . .     SeeInvis .   a - +0 war axe
rCold    . . .     Faith    .   c - +0 kite shield
rNeg     . . .     Spirit   .   b - +0 scale mail
rPois    .         Reflect  .   (no helmet)
rElec    .         Harm     .   i - +1 cloak
rCorr    .         Rampage  .   (no gloves)
Will     .....                  h - +1 pair of boots {Fly}
Stlth    ..........             (no amulet)
HPRegen  0.15/turn              (no ring)
MPRegen  0.09/turn              (no ring)

@: lethally poisoned (-7 -> -10), flying
A: no striking features
a: no special abilities


You were on level 4 of the Dungeon.
You visited 1 branch of the dungeon, and saw 4 of its levels.

You collected 178 gold pieces.

Inventory:

Hand Weapons
 a - a +0 war axe (weapon)
Armour
 b - a +0 scale mail (worn)
 c - a +0 kite shield (worn)
 h - a +1 pair of boots of flying (worn)
 i - a +1 cloak (worn)
Jewellery
 g - a ring of poison resistance
 j - a ring of see invisible
Wands
 m - a wand of digging (4)
 n - a wand of acid (5)
Scrolls
 e - 6 scrolls of teleportation
 f - 2 scrolls of blinking
 o - a scroll of noise {unknown}
Potions
 d - 3 potions of might
 l - a potion of degeneration {unknown}
 p - a potion of heal wounds {unknown}
 q - a potion of resistance {unknown}


   Skills:
 - Level 3.6 Fighting
 + Level 5.0 Axes
 + Level 4.2 Armour
 + Level 0.8 Dodging
 + Level 4.3 Shields


You had 4 spell levels left.
You didn't know any spells.
Your spell library contained the following spells:

 Spells                   Type           Power      Damage    Failure   Level
 Beastly Appendage        Tmut           0%         N/A       99%         1
 Wereblood                Tmut           0%         N/A       100%        2
 Spider Form              Tmut/Pois      0%         N/A       100%        3


Dungeon Overview and Level Annotations

Branches:
Dungeon (4/15)
 Temple: D:4-7

Altars:


Message History

You feel sick.
Okay, then.
You are too confused!
You closely miss something. You closely miss the orc.
You feel sick.
An orc wizard appears from thin air!
Reactivating autopickup.
The orc wizard hits you but does no damage.
The orc wizard barely misses you. The orc hits you with a +0 hand axe.
* * * LOW HITPOINT WARNING * * *
Unknown command.
You're too confused to move!
You feel sick.
You are no longer poisoned.
The orc hits you but does no damage.
The orc wizard hits you with a +1 dagger of venom.
* * * LOW HITPOINT WARNING * * *
You are poisoned.
The orc closely misses you.
You barely miss the orc wizard.
The orc wizard is severely wounded.
You hit the orc.
Your shield prevents you from hitting the orc.
You feel very sick. The orc hits you but does no damage.
The orc wizard casts a spell.
The orc wizard flickers and vanishes!
Deactivating autopickup; reactivate with Ctrl-A.
The orc hits you with a +0 hand axe.
* * * LOW HITPOINT WARNING * * *
* * * LOW HITPOINT WARNING * * *
You feel sick. Something hits you but does no damage.
You miss the orc.
The orc is moderately wounded.
You miss something. You closely miss the orc.
You feel less confused.
* * * LOW HITPOINT WARNING * * *
You feel sick.
You hear some strange, mumbled words.
A puff of flame appears from out of thin air!
The puff of flame hits you!
You die...

†..........#...##
hhY#######.#.#.
....###.####...#
.$#######.#.#. ..........
#...# ###...........
#######.#####'###
#######.#...
............#+###....
#.#...
#...................
#.###.
######......###..........
#.(... .o...'......#
#.......... ######
#......###.@........ #
#......)..o{o....... #
#......####.......##
####### #......#
######### #......
#......# #.##### #......#
#...... ######## #######


You could see 2 orcs.

Vanquished Creatures
  A centaur skeleton (D:4)
  An orc wizard (D:4)
  2 adders (D:2)
  2 worms
  A dart slug (D:2)
  5 orcs (D:4)
  3 bats
  4 endoplasms
  2 giant cockroaches (D:1)
  7 goblins
  12 hobgoblins
  3 jackals (D:2)
  6 kobolds
  A quokka (D:3)
  6 ball pythons
  4 frilled lizards
  5 rats
  A spectral goblin (D:3)
66 creatures vanquished.

Notes
Turn   | Place    | Note
-------+----------+-------------------------------------------
     0 | D:1      | zeram the Hill Orc Fighter began the quest for the Orb.
     0 | D:1      | Reached XP level 1. HP: 19/19 MP: 1/1
    74 | D:1      | Reached skill level 3 in Axes
   265 | D:1      | Reached XP level 2. HP: 26/26 MP: 2/2
  1264 | D:2      | Reached XP level 3. HP: 29/31 MP: 3/3
  1653 | D:2      | Reached XP level 4. HP: 39/39 MP: 4/4
  2351 | D:3      | Found a faded altar of an unknown god.
  2642 | D:3      | Reached skill level 4 in Axes
  3125 | D:4      | Reached XP level 5. HP: 42/45 MP: 5/5
  3256 | D:4      | Reached skill level 5 in Axes
  3490 | D:4      | Noticed a yak
  3559 | D:4      | HP: 2/45 [poisoned by an orc wizard]
  3559 | D:4      | Killed from afar by an orc wizard

Illustrated notes

Levels and vault maps discovered:
D:1:      minmay_arrival_doors, layout_loops_corners
D:2:      layout_basic, serial_co_window_serial, co_window_paths_a,
          co_window_of_opportunity_a, co_window_corner_a, co_window_paths_b,
          co_window_paths_a, co_window_paths_c, co_window_broadway_c,
          co_window_paths_c, glass_columns_a, corner_web_ring,
          minmay_misc_feat_rugged
D:3:      layout_rooms, dreamdust_ecumenical_altar_drowned_temple,
          serial_rivers, chequers_serial_rivers_micro_e,
          chequers_serial_rivers_room_b, chequers_serial_rivers_small_3,
          chequers_serial_rivers_room_b
D:4:      layout_basic, lightli_corner_chamber

Skill      XL: |  1  2  3  4  5 |
---------------+----------------+-----
Axes           | 3 4 5 |  5.0
Shields        | 4 |  4.3
Armour         | 4 |  4.2
Fighting       | |  3.6
Dodging        | |  0.8

Action                   |  1- 3 |  4- 6 || total
-------------------------+-------+-------++-------
Melee: War axe           |   107 |   138 ||   245
  Use: Scroll            |     5 |     2 ||     7
       Potion            |       |     1 ||     1
Armor: Scale mail        |    59 |    90 ||   149
Dodge: Dodged            |    37 |    46 ||    83
Block: Kite shield       |    51 |    71 ||   122
